AoeStats
← xXxDstroyxXx

Scandinavia

510464039Analyzed
1v1 RM · 13h ago on Oct 1, 2026· 42m 26s· 2 players
Game mode
Random Map
Map size
Tiny (2 player)
Population
200
Speed
Normal
Resources
Standard
Victory
Conquest
Starting age
Dark Age
Ending age
Imperial Age
RankedLock teamsTeams togetherTeam positionsShared explorationLock speedFull tech treeHidden civsTurbo modeCheats
Victory
Defeat
🇨🇴 Vietnamese · Colombia
1705
+19
🇫🇷 Saxons · France
1775
-19
xXxDstroyxXx
2:58 Loom
9:49 Feudal Age
10:20 Double-Bit Axe
16:52 Castle Age
15:57 Fletching
17:03 Padded Archer Armor
18:00 Bodkin Arrow
20:37 Wheelbarrow
20:29 Bow Saw
25:15 Gold Mining
25:15 Stone Mining
29:37 Imperial Age
26:55 Town Watch
27:37 Horse Collar
30:13 Hand Cart
30:02 Town Patrol
30:44 Bracer
31:00 Leather Archer Armor
33:02 Chemistry
34:37 Bloodlines
35:30 Husbandry
34:51 Elite Battle Elephant
36:42 Forging
36:38 Scale Barding Armor
38:07 Scale Barding Armor
38:13 Forging
38:34 Ring Archer Armor
39:49 Chain Barding Armor
39:52 Light Cavalry
42:40 Plate Barding Armor
42:40 Iron Casting
43:15 Paper Money
42:56 Chatras
Hana
2:59 Loom
11:36 Feudal Age
12:38 Town Watch
12:41 Double-Bit Axe
18:33 Castle Age
20:44 Bow Saw
29:11 Wheelbarrow
28:39 Horse Collar
29:55 Gold Mining
30:22 Scale Mail Armor
30:46 Forging
30:53 Fletching
31:34 Hand Cart
32:07 Chain Mail Armor
32:23 Ballistics
33:35 Iron Casting
36:45 Imperial Age
34:31 Bodkin Arrow
37:01 Iron Casting
36:59 Heavy Plow
37:35 Gold Shaft Mining
36:42 Fishing Lines
37:45 Siege Engineers
38:41 Chemistry
37:21 Capped Ram
37:40 Elite Hearth Troop
38:06 Pikeman
38:47 Squires
39:18 Plate Mail Armor
40:25 Two-Man Saw
38:55 Halberdier
40:40 Crop Rotation
40:31 Onager
42:09 Bracer
Connection lost

Rejoining the realm…

Still unreachable

The connection could not be restored.

Session expired

The server has moved on; the page needs a fresh start.